 Dungeon Crawl Stone Soup version 0.30.1-11-g7821555f0a (webtiles) character file.

Game seed: 16427733137291100930

139 lonewolfV2 the Covered (level 5, -2/42 HPs)
             Began as a Formicid Fighter on Nov 9, 2023.
             Slain by a gnoll
             ... wielding a +0 flail of protection
              (3 damage)
             ... on level 3 of the Dungeon.
             The game lasted 00:03:04 (2511 turns).

lonewolfV2 the Covered (Formicid Fighter)           Turns: 2511, Time: 00:03:04

Health: -2/42      AC:  8    Str: 22    XL:     5   Next: 46%
Magic:  5/5        EV: 10    Int:  8    God:
Gold:   161        SH:  5    Dex: 13    Spells: 4/4 levels left

rFire   . . .        a - +0 war axe
rCold   + . .        c - +0 buckler
rNeg    . . .        b - +0 scale mail
rPois   .            (helmet unavailable)
rElec   .            j - +0 cloak
rCorr   .            (no gloves)
SInv    +            (no boots)
Will    .....        (no amulet) Stlth
                     f - ring of protection from cold
HPRegen 0.27/turn    (no ring)
MPRegen 0.09/turn

%: no passive effects
@: mighty
A: permanent stasis, dig shafts and tunnels, antennae 3, four strong arms
a: Dig, Shaft Self


You were on level 3 of the Dungeon.
You visited 1 branch of the dungeon, and saw 3 of its levels.

You collected 161 gold pieces.

Inventory:

Hand Weapons
 a - a +0 war axe (weapon)
Armour
 b - a +0 scale mail (worn)
 c - a +0 buckler (worn)
 j - a +0 cloak (worn)
Jewellery
 f - a ring of protection from cold (left hand)
Scrolls
 o - a scroll of enchant weapon {unknown}
 p - a scroll of brand weapon {unknown}
Potions
 e - 2 potions of berserk rage {unknown}
 g - a potion of flight {unknown}
 h - 3 potions of curing {unknown}
 i - a potion of heal wounds {unknown}
 k - a potion of resistance {unknown}
 l - a potion of ambrosia {unknown}
 m - a potion of mutation {unknown}
 n - a potion of magic {unknown}


   Skills:
 + Level 4.2 Fighting
 - Level 2.0 Axes
 + Level 4.2 Armour
 * Level 2.9 Dodging
 - Level 4.0 Shields


You had 4 spell levels left.
You didn't know any spells.
Your spell library contained the following spells:

 Spells                   Type           Power      Damage    Failure   Level
 Lesser Beckoning         Tloc           0%         N/A       90%         2
 Momentum Strike          Conj/Tloc      0%         3d8       90%         2
 Poisonous Vapours        Pois/Air       0%         N/A       90%         2
 Ignite Poison            Fire/Tmut/Pois 0%         N/A       99%         3
 Mephitic Cloud           Conj/Pois/Air  0%         N/A       99%         3
 Sticky Flame             Conj/Fire      0%         2d3       100%        4
 Freezing Cloud           Conj/Ice/Air   0%         6-21      100%        5
 Ignition                 Fire           0%         3d3       100%        8
 Blink                    Tloc           Unusable   N/A       N/A         2

Dungeon Overview and Level Annotations

Branches:
Dungeon (3/15)

Altars:
Xom

Shops:
D:3 (


Innate Abilities, Weirdness & Mutations

You cannot be hasted, slowed, berserked, paralysed or teleported.
You can dig through walls and to a lower floor.
You have a pair of large antennae on your head. (SInv)
Your four strong arms can wield two-handed weapons with a shield.


Message History

The hound barely misses you. The gnoll barely misses you. The hound bites you.
The hound bites you but does no damage.
The gnoll hits you with a +0 flail of protection!
You closely miss the hound. You hit the bush but do no damage.
You hit the gnoll but do no damage. You hit the bush.
You closely miss the hound. The hound bites you but does no damage.
You block the hound's attack. The gnoll barely misses you.
The hound pauses to sniff the ground.
The hound bites you.
* * * LOW HITPOINT WARNING * * *
The hound bites you.
* * * LOW HITPOINT WARNING * * *
You block the hound's attack.
You slash the hound!
The hound is almost dead.
You hit the bush but do no damage. x2; The hound barely misses you.
The hound bites you.
* * * LOW HITPOINT WARNING * * *
You feel very mighty all of a sudden. The hound bites you.
* * * LOW HITPOINT WARNING * * *
You slash the hound!
You kill the hound!
You hit the bush. x2; The hound barely misses you.
Your Fighting skill increases to level 4!
You have reached level 5!
You barely miss the hound.
The hound is severely wounded.
You slash the bush! You hit the bush but do no damage. The hound misses you.
The hound bites you.
* * * LOW HITPOINT WARNING * * *
The hound completely misses you.
You slash the hound!
You kill the hound!
You hit the bush but do no damage. x2
You hit the gnoll.
The gnoll is lightly wounded.
You hit the bush. You slash the bush!
The gnoll hits you with a +0 flail of protection.
You die...

.# #.#.#...........# .#
#.#.###.#.#.###.# .#
#<#.#.......# #.#
.###.#.###.#.#.# #.#
.....#.###.#.#.###.#
.###.#.#.......#...#
.###.#.#.#.#.###.#.##
.##.................#
.##..#.#.#.#...P@P..#####
.#...#.#.#...###g###....#
.#.#.#.#.#<#.#...')###.##
...........#.#...#####.#
.#.#.......[.#...+ #...#
##.###.#.#..##########.###
.........................#
.#.###.#.#..###.#..###.###
.#.###.#.##.###.##.#.#.###


You could see a gnoll.

Vanquished Creatures
  2 hounds (D:3)
  2 adders
  A worm (D:2)
  2 dart slugs
  An orc (D:3)
  2 ball pythons (D:3)
  7 endoplasms
  A giant cockroach (D:1)
  6 goblins
  7 hobgoblins
  4 jackals (D:3)
  3 quokkas
  4 bats
  2 frilled lizards (D:2)
  2 kobolds (D:2)
  5 rats
51 creatures vanquished.

Notes
Turn   | Place    | Note
-------+----------+-------------------------------------------
     0 | D:1      | lonewolfV2 the Formicid Fighter began the quest for the
                  | Orb.
     0 | D:1      | Reached XP level 1. HP: 18/18 MP: 1/1
   183 | D:1      | Reached XP level 2. HP: 24/24 MP: 2/2
   302 | D:1      | Reached skill level 1 in Dodging
   951 | D:2      | Reached XP level 3. HP: 27/29 MP: 3/3
  1032 | D:2      | Identified the +0 scale mail "Tuduekog" {Harm Drain +Inv
                  | MP+9}
  1530 | D:2      | Reached XP level 4. HP: 32/37 MP: 4/4
  2282 | D:3      | Found a shimmering altar of Xom.
  2349 | D:3      | Found a faded altar of an unknown god.
  2433 | D:3      | Found Ysir's Antique Weapon Emporium.
  2509 | D:3      | Reached XP level 5. HP: 3/42 MP: 5/5
  2509 | D:3      | HP: 1/42 [hound (3)]
  2511 | D:3      | Slain by a gnoll

Illustrated notes

Levels and vault maps discovered:
D:1:      scummos_arrival_hexagon, layout_basic
D:2:      layout_basic, kennysheep_generic_room_15
D:3:      layout_basic, amcnicky_altar_gilded,
          shapermc_ecumenical_altar_mp_ritualfount, serial_shops,
          nicolae_shop_pleasant_corner_grove, cheibrodos_gnoll_hut

Skill      XL: |  1  2  3  4 |
---------------+-------------+-----
Dodging        | 1 2 |  2.9
Armour         | 4 |  4.2
Fighting       | 4 |  4.2
Axes           | |  2.0
Shields        | |  4.0

Action                     |  1- 3 |  4- 6 || total
---------------------------+-------+-------++-------
  Melee: War axe           |    82 |    58 ||   140
    Use: Scroll            |     3 |     1 ||     4
         Potion            |       |     1 ||     1
 Armour: Scale mail        |    45 |    27 ||    72
  Dodge: Dodged            |    40 |    29 ||    69
  Block: Buckler           |    20 |    17 ||    37
